[Event "European Rapid Championship 2021"]
[Site "Katowice"]
[Date "2021.12.19"]
[Round "9.14"]
[White "Sanz Wawer, Daniel"]
[Black "Grzesik, Gracjan"]
[Result "1-0"]
[ECO "B60"]
[WhiteElo "2371"]
[BlackElo "1992"]
[Annotator "NA"]
[PlyCount "91"]
[EventDate "2021.12.18"]
[EventType "swiss"]
[EventCountry "POL"]
[SourceTitle "playchess.com"]
[Source "ChessBase"]
[SourceQuality "1"]
[TimeControl "900+10"]

1. e4 c5 2. Nf3 d6 3. d4 cxd4 4. Nxd4 Nf6 5. Nc3 Nc6 6. Bg5 Qb6 7. Nb3 e6 8. f4 Be7 9. Qe2 a6 10. O-O-O Qc7 11. g4 O-O 12. Bg2 Rb8 13. Rd3 Rd8 14. Kb1 b5 15. Bxf6 Bxf6 16. g5 Be7 17. h4 b4 18. Nd1 a5 19. g6 fxg6 20. h5 g5 21. Qg4 a4 22. Nc1 Bd7 23.
h6 g6 24. e5 gxf4 25. exd6 Bxd6 26. Bxc6 Qxc6 27. Rh2 Be7 28.
Rhd2 Be8 29. Qxf4 Rxd3 30. Qe5 Bf6 31. Qxf6 Rd7 32. Nd3 Rf7 33. Qe5 Rd8 34. Rf2 Qd6 35. Qe3 e5 36. Rxf7 Bxf7 37. N1f2 b3 38. Ne4 bxa2+ 39. Ka1 Qe7 40. Qb6 Rf8 41. Nf6+ Kh8 42. Nd7 Re8 43. N7xe5 Be6 44. Qd4 Qf6 45. Nxg6+ Kg8 46. Qxf6 1-0

[Event "European Rapid Championship 2021"]
[Site "Katowice"]
[Date "2021.12.19"]
[Round "9.14"]
[White "Kulon, Klaudia"]
[Black "Andersen, Mads"]
[Result "0-1"]
[ECO "A11"]
[WhiteElo "2328"]
[BlackElo "2574"]
[Annotator "ChessBase"]
[PlyCount "90"]
[EventDate "2021.12.18"]
[EventType "swiss"]
[EventCountry "POL"]
[SourceTitle "playchess.com"]
[Source "ChessBase"]
[SourceQuality "1"]
[TimeControl "900+10"]

1. c4 c6 2. g3 d5 3. Bg2 Nf6 4. b3 g6 5. Bb2 Bg7 6. d4 O-O 7. Nd2 a5 8. a3 b6 9. e3 Ba6 10. Rc1 Nbd7 11. Ne2 Re8 12. O-O e5 13. cxd5 cxd5 14. dxe5 Nxe5 15. Bxe5 Rxe5 16. Re1 Qf8 17. a4 Ree8 18. Nd4 Rac8 19. Bh3 Rc5 20.
Rxc5 bxc5 21. Nc6 Qd6 22. Nxa5 Qb6 23. b4 Qxb4 24. Nab3 Bd3 25. Nf3 c4 26. Nbd4 Ne4 27. Bd7 Rf8 28. Bc6 Rd8 29. Qc1 c3 30.
Bb5 Bxb5 31. axb5 Ra8 32. Qc2 Qc4 33. b6 Rb8 34. Rb1 Bxd4 35.
Nxd4 Qa6 36. Nc6 Rxb6 37. Rxb6 Qxb6 38. Ne7+ Kg7 39. Nxd5 Qb2 40. Qxe4 c2 41. Kg2 c1=Q 42. Nf4 Qcb1 43. Qe8 Qb7+ 44. Kh3 Qf5+ 45. g4 Qf3+ 0-1

[Event "European Rapid Championship 2021"]
[Site "Katowice"]
[Date "2021.12.19"]
[Round "9.15"]
[White "Mis, Mieszko"]
[Black "Laurusas, Tomas"]
[Result "1-0"]
[ECO "E46"]
[WhiteElo "2237"]
[BlackElo "2553"]
[Annotator "ChessBase"]
[PlyCount "107"]
[EventDate "2021.12.18"]
[EventType "swiss"]
[EventCountry "POL"]
[SourceTitle "playchess.com"]
[Source "ChessBase"]
[SourceQuality "1"]
[TimeControl "900+10"]

1. d4 Nf6 2. c4 e6 3. Nc3 Bb4 4. e3 O-O 5. Bd2 b6 6. Nf3 Bb7 7. Bd3 c5 8. a3 Bxc3 9. Bxc3 d6 10.
dxc5 bxc5 11. Qc2 e5 12. Ng5 h6 13. Nh7 Re8 14. Nxf6+ Qxf6 15. Bh7+ Kh8 16. Be4 Nc6 17. O-O-O Qe6 18. Bd5 Qd7 19. f4 exf4 20. exf4 Rad8 21. Qf2 Ne7 22. Bxf7 Rf8 23. Bh5 Qf5 24. Rhe1 Rd7 25. g4 Qxf4+ 26. Qxf4 Rxf4 27. Be8 Rc7 28. Ba5 Rxc4+ 29. Kb1 Nd5 30. Bb5 Re4 31. Rxe4 Nc3+ 32. Bxc3 Bxe4+ 33. Bd3 Bxd3+ 34. Rxd3 Rd7 35. Rd5 Kg8 36. Be5 Re7 37. Bxd6 Rd7 38. Rd2 Kf7 39. Rf2+ Kg6 40. Bxc5 a6 41. Be3 Rd3 42. Re2 h5 43. gxh5+ Kxh5 44. Kc2 Rd7 45. Bd2 Kh4 46. Rg2 Kh3 47. Rg6 Kxh2 48. Bc3 Kh1 49. Rxg7 Rd6 50. Rf7 Rd5 51. Rf6 a5 52. a4 Kg2 53. Ra6 Rd2+ 54. Kxd2 1-0

[Event "European Rapid Championship 2021"]
[Site "Katowice"]
[Date "2021.12.19"]
[Round "9.15"]
[White "Rog, Bartlomiej"]
[Black "Semjonovs, Ilja"]
[Result "0-1"]
[ECO "B90"]
[WhiteElo "1859"]
[BlackElo "2383"]
[Annotator "NA"]
[PlyCount "56"]
[EventDate "2021.12.18"]
[EventType "swiss"]
[EventCountry "POL"]
[SourceTitle "playchess.com"]
[Source "ChessBase"]
[SourceQuality "1"]
[TimeControl "900+10"]

1. e4 c5 2. Nf3 d6 3. d4 cxd4 4. Nxd4 Nf6 5. Nc3 a6 6. h3 e5 7. Nde2 h5 8. g3 Be7 9. Bg2 Nbd7 10. a4 b6 11. Nd5 Nxd5 12. Qxd5 Rb8 13. Nc3 Bb7 14. Qd1 h4 15. g4 O-O 16. O-O Nc5 17. Nd5 Bg5 18.
Bxg5 Qxg5 19. Nxb6 Bxe4 20. Qxd6 Bxg2 21. Kxg2 Ne6 22. Nc4 Qf4 23. Qd3 Rfd8 24. Qe2 Qd4 25. Kh2 Nf4 26. Qxe5 Qxc4 27. Rad1 Re8 28. Qd6 Qe4 0-1

[Event "European Rapid Championship 2021"]
[Site "Katowice"]
[Date "2021.12.19"]
[Round "9.16"]
[White "Lewtak, Damian"]
[Black "Klekowski, Maciej"]
[Result "0-1"]
[ECO "A46"]
[WhiteElo "2185"]
[BlackElo "2528"]
[Annotator "ChessBase"]
[PlyCount "66"]
[EventDate "2021.12.18"]
[EventType "swiss"]
[EventCountry "POL"]
[SourceTitle "playchess.com"]
[Source "ChessBase"]
[SourceQuality "1"]
[TimeControl "900+10"]

1. c3 Nf6 2. d4 d6 3. Nf3 Nbd7 4. Bf4 Nh5 5. e3 c5 6. Bg5 h6 7. Bh4 g5 8. Nfd2 Ndf6 9. Be2 gxh4 10. Bxh5 Nxh5 11. Qxh5 Rg8 12. dxc5 Rxg2 13. cxd6 Qxd6 14. Na3 Bg4 15. Qb5+ Bd7 16. Qxb7 Bc6 17. Qa6 Rg6 18. Rf1 Qxh2 19. O-O-O Bg7 20. f4 Kf8 21. f5 Rf6 22. e4 Bxe4 23. Qa5 Bc6 24. Ne4 h3 25. Rd8+ Rxd8 26. Qxd8+ Be8 27. Re1 Qf4+ 28. Nd2 Qd6 29. Qxd6 Rxd6 30. Re3 h2 31. Rh3 Rxd2 32. Kxd2 Be5 33. Nc4 Bf4+ 0-1

[Event "European Rapid Championship 2021"]
[Site "Katowice"]
[Date "2021.12.19"]
[Round "9.16"]
[White "Malik, Maciej"]
[Black "Ortega Ruiz, Jose Miguel"]
[Result "1/2-1/2"]
[ECO "E61"]
[WhiteElo "1849"]
[BlackElo "2150"]
[Annotator "NA"]
[PlyCount "121"]
[EventDate "2021.12.18"]
[EventType "swiss"]
[EventCountry "POL"]
[SourceTitle "playchess.com"]
[Source "ChessBase"]
[SourceQuality "1"]
[TimeControl "900+10"]

1. d4 Nf6 2. Nf3 g6 3. c4 Bg7 4. Nc3 d6 5. Bg5 Nbd7 6. e3 c6 7. Be2 O-O 8. Qc2 e5 9. dxe5 dxe5 10. O-O Qc7 11. Rad1 Nc5 12. b4 Ne6 13. Bxf6 Bxf6 14. Ne4 Bg7 15. c5 a5 16. a3 axb4 17. axb4 b5 18. Nd6 Ra4 19. Qb3 Qa7 20. Nd2 Nc7 21. Nxc8 Rxc8 22. Bg4 Rf8 23. Bd7 Qa8 24. Ne4 Na6 25. Qd3 Rxb4 26. Qd6 Nb8 27. Nf6+ Bxf6 28. Qxf6 Qa7 29. Bf5 Qxc5 30. h4 e4 31. g4 Re8 32. h5 Qe5 33. Qxe5 Rxe5 34. Rd8+ Kg7 35. hxg6 hxg6 36. Bc8 Ra4 37. Bb7 Na6 38. Bxc6 Nb4 39. Be8 Ra5 40. Rc1 Ra7 41. Rb1 Nd3 42. Bxb5 Nc5 43. Be2 Ne6 44. Rd2 Kf6 45. Kg2 Rc5 46. Rb4 Ke5 47. Rdd4 f5 48. Rdc4 Rxc4 49. Bxc4 Nc7 50. gxf5 gxf5 51. Rb6 f4 52. Kh3 fxe3 53. fxe3 Ra3 54. Rb3 Ra4 55. Bb5 Ra1 56. Rc3 Nd5 57. Rb3 Re1 58. Bc6 Nxe3 59. Rb4 Kd6 60. Bxe4 Kc5 61. Ra4 1/2-1/2

[Event "European Rapid Championship 2021"]
[Site "Katowice"]
[Date "2021.12.19"]
[Round "9.17"]
[White "Cukrowski, Filip"]
[Black "Stefansson, Hannes"]
[Result "0-1"]
[ECO "A05"]
[WhiteElo "2373"]
[BlackElo "2519"]
[Annotator "ChessBase"]
[PlyCount "130"]
[EventDate "2021.12.18"]
[EventType "swiss"]
[EventCountry "POL"]
[SourceTitle "playchess.com"]
[Source "ChessBase"]
[SourceQuality "1"]
[TimeControl "900+10"]

1. Nf3 Nf6 2. g3 d5 3. d4 Bf5 4. Bg2 e6 5. O-O Be7 6. c4 c6 7. Nc3 Ne4 8. Nd2 Nxc3 9. bxc3 Nd7 10. cxd5 exd5 11. f3 O-O 12. e4 dxe4 13. fxe4 Bg6 14. h4 Nf6 15. Bf3 h6 16. h5 Bh7 17. Qb3 Qd7 18.
Kg2 Rae8 19. Re1 b5 20. a4 a6 21. axb5 axb5 22. Bb2 Ng4 23.
e5 Bf5 24. Qd1 Bg5 25. Nf1 Ra8 26. Rxa8 Rxa8 27. Qe2 Be6 28. Kg1 Ra2 29. Ra1 Rxa1 30. Bxa1 f5 31. Qg2 Bd5 32. Bxd5+ cxd5 33. Qe2 Kf7 34. Bb2 Ke6 35. Ba3 Qc6 36. Qb2 Qc4 37. Qb4 Qxb4 38. Bxb4 Kf7 39. Kg2 g6 40. hxg6+ Kxg6 41. Kf3 h5 42. Bd6 Kf7 43. Bb4 Ke6 44. Bf8 Bc1 45. Bc5 Nh6 46. Kg2 Nf7 47. Kh3 Ng5+ 48. Kh4 Ne4 49. Bb4 Bb2 50. Ne3 Nxc3 51. Nc2 Ne2 52. Bc5 Bc3 53. Kxh5 Nxg3+ 54. Kh4 Ne4 55. Bf8 Bd2 56. Kh3 Bc3 57. Kg2 f4 58. Kf3 Kf5 59. Bh6 Nd2+ 60. Ke2 b4 61. Kd3 Ne4
62. e6 b3 63. e7 bxc2 64. e8=Q c1=Q 65. Qf7+ Nf6 0-1

[Event "European Rapid Championship 2021"]
[Site "Katowice"]
[Date "2021.12.19"]
[Round "9.17"]
[White "Krawczyk, Flawian"]
[Black "Lach, Aleksandra"]
[Result "1-0"]
[ECO "B36"]
[WhiteElo "2154"]
[BlackElo "2132"]
[Annotator "NA"]
[PlyCount "109"]
[EventDate "2021.12.18"]
[EventType "swiss"]
[EventCountry "POL"]
[SourceTitle "playchess.com"]
[Source "ChessBase"]
[SourceQuality "1"]
[TimeControl "900+10"]

1. e4 c5 2. Nf3 g6 3. d4 cxd4 4. Nxd4 Nc6 5. c4 Nf6 6. Nc3 d6 7. f3 Nxd4 8. Qxd4 Bg7 9. Be3 O-O 10. Qd2 a5 11. b3 Nd7 12. Rd1 b6 13.
Be2 Nc5 14. O-O Bb7 15. Bd4 Bxd4+ 16. Qxd4 Ne6 17. Qe3 Qc7 18. Kh1 Qc5 19. Qd2 Bc6 20. f4 f5 21. Nd5 Bxd5 22. cxd5 Ng7 23. e5 Rfd8 24. Rc1 Qb4 25. Rfd1 dxe5 26. fxe5 Qe4 27. Qb2 Ra7 28. Bf3 Qf4 29. Rc4 Qe3 30. Qe2 Qxe2 31. Bxe2 Rad7 32. Rc6 f4 33. Bf3 Nf5 34. Kg1 Ne3 35. Rd3 Kf8 36. g3 g5 37. h4 g4 38. Be4 e6 39. d6 Kf7 40. gxf4 Nf5 41. Bxf5 exf5 42. Rdc3 b5 43. R3c5 a4 44. Rxb5 axb3 45. axb3 Ke6 46. Kg2 Ra8 47. Rbc5 Ra3 48. Rc3 Rb7 49. Rc7 Rbxb3 50. Rxb3 Rxb3 51. Re7+ Kd5 52. d7 Rb2+ 53. Kf1 Rb1+ 54. Ke2 Rb2+ 55. Kd3 1-0

[Event "European Rapid Championship 2021"]
[Site "Katowice"]
[Date "2021.12.19"]
[Round "9.18"]
[White "Zylka, Stanislaw"]
[Black "Janik, Igor"]
[Result "0-1"]
[ECO "B11"]
[WhiteElo "2367"]
[BlackElo "2462"]
[Annotator "ChessBase"]
[PlyCount "128"]
[EventDate "2021.12.18"]
[EventType "swiss"]
[EventCountry "POL"]
[SourceTitle "playchess.com"]
[Source "ChessBase"]
[SourceQuality "1"]
[TimeControl "900+10"]

1. e4 c6 2. Nf3 d5 3. Nc3 Bg4 4. Be2 e6 5. O-O Nf6 6. e5 Nfd7 7. d4 c5 8. Bg5 Qb6 9. Na4 Qc7 10. c4 dxc4 11. Rc1 Nc6 12. d5 exd5 13. Qxd5 Be6 14. Qe4 Ndxe5 15. Rfe1 Nxf3+ 16. Bxf3 Bd6 17. Qh4 Nd4 18. Be4 Kd7 19. b4 cxb3 20. Be3 Qa5 21. axb3 Nxb3 22. Nxc5+ Nxc5 23. Bxc5 Bxc5 24. Red1+ Ke8 25. Bxb7 Be7 26. Qg3 Rd8 27. Qxg7 Rf8 28. Bc6+ Bd7 29. Bxd7+ Rxd7 30. Rc8+ Bd8 31. Rdc1 f6 32. Qg4 Qd5 33. g3 Kf7 34. R8c5 Qe6 35. Qa4 Kg8 36. Rc6 Qf7 37. Qg4+ Qg7 38. Qe6+ Kh8 39. Rc8 Re7 40. Qd6 Bb6 41. Kg2 Ree8 42. Rxe8 Rxe8 43. h4 Qe7 44. Qd2 Qe2 45. Qf4 Qe4+ 46. Qxe4 Rxe4 47. Kf3 Ra4 48. Rc2 Ra5 49. Ke4 Re5+ 50. Kf4 Rc5 51. Re2 Re5 52. Rd2 Re7 53. Kf5 Kg7 54. f4 Bc5 55. h5 h6 56. Rd8 Rc7 57. Re8 Kf7 58. Rb8 Be7 59. Ra8 Rc5+ 60.
Kg4 f5+ 61. Kh3 Rc7 62. Kg2 Bf6 63. Kf3 Rc3+ 64. Kg2 Ra3 0-1

[Event "European Rapid Championship 2021"]
[Site "Katowice"]
[Date "2021.12.19"]
[Round "9.18"]
[White "Baum, Jonasz"]
[Black "Rudzinska, Michalina"]
[Result "0-1"]
[ECO "A27"]
[WhiteElo "2343"]
[BlackElo "1962"]
[Annotator "NA"]
[PlyCount "48"]
[EventDate "2021.12.18"]
[EventType "swiss"]
[EventCountry "POL"]
[SourceTitle "playchess.com"]
[Source "ChessBase"]
[SourceQuality "1"]
[TimeControl "900+10"]

1. c4 e5 2. Nc3 Nc6 3. Nf3 f5 4. d4 e4 5. Ne5 d6 6. Nxc6 bxc6 7. g3 Nf6 8. Bg2 Be7 9. O-O O-O 10. d5 c5 11. f3 exf3 12. Bxf3 Ng4 13.
e4 Ne5 14. Be2 fxe4 15. Nxe4 Bf5 16. Nc3 Qd7 17. b3 Bh3 18. Rf4 Ng6 19. Rxf8+ Rxf8 20. Be3 Qf5 21. Qd3 Bg5 22. Nd1 Bxe3+ 23. Nxe3 Qf2+ 24. Kh1 Ne5 0-1

[Event "European Rapid Championship 2021"]
[Site "Katowice"]
[Date "2021.12.19"]
[Round "9.19"]
[White "Blohberger, Felix"]
[Black "Martinkus, Rolandas"]
[Result "1-0"]
[ECO "A06"]
[WhiteElo "2409"]
[BlackElo "2033"]
[Annotator "NA"]
[PlyCount "43"]
[EventDate "2021.12.18"]
[EventType "swiss"]
[EventCountry "POL"]
[SourceTitle "playchess.com"]
[Source "ChessBase"]
[SourceQuality "1"]
[TimeControl "900+10"]

1. Nf3 d5 2. d4 e6 3. Bf4 Bd6 4. Bg3 c5 5. e3 Qc7 6. Nc3 a6 7. e4 Bxg3 8.
hxg3 Nf6 9. exd5 exd5 10. dxc5 Qxc5 11. Qd4 Qa5 12. O-O-O Nc6 13. Qf4 Be6 14. Bd3 Rc8 15. Kb1 d4 16. Nxd4 Nxd4 17. Qxd4 Rxc3 18. Qxc3 Qxa2+ 19. Kc1 Qa1+ 20. Kd2 Qa4 21.
Rh4 Qd7 22. Kc1 1-0

[Event "European Rapid Championship 2021"]
[Site "Katowice"]
[Date "2021.12.19"]
[Round "9.19"]
[White "Krasenkova, Elena"]
[Black "Reimanis, Ritvars"]
[Result "1-0"]
[ECO "E06"]
[WhiteElo "2124"]
[BlackElo "2397"]
[Annotator "NA"]
[PlyCount "107"]
[EventDate "2021.12.18"]
[EventType "swiss"]
[EventCountry "POL"]
[SourceTitle "playchess.com"]
[Source "ChessBase"]
[SourceQuality "1"]
[TimeControl "900+10"]

1. d4 Nf6 2. c4 e6 3. g3 d5 4. Bg2 Be7 5. Nf3 O-O 6. Qc2 a6 7. b3 dxc4 8.
bxc4 c5 9. dxc5 Qa5+ 10. Nbd2 Qxc5 11. O-O Bd7 12. Nb3 Qh5 13. Bb2 Bc6 14. Nbd2 Nbd7 15. e4 Nc5 16. Rfe1 Rad8 17. Nd4 Ba4 18. N2b3 Qg6 19. Qe2 Nfd7 20. e5 Nb6 21. Nxc5 Bxc5 22. Nb3 Bb4 23. Red1 Bc6 24. Bxc6 bxc6 25. Nd4 Rc8 26. a3 Be7 27. a4 c5 28. Nb3 Rb8 29. Na5 Rfc8 30. Bc3 h5 31. Ra2 h4 32. Qf3 Qf5 33.
Qxf5 exf5 34. Kg2 hxg3 35.
hxg3 Bd8 36. Rd6 Bc7 37. Rc6 Bd8 38. e6 fxe6 39. Rxe6 Ra8 40. Re8+ Kf7 41. Re5 g6 42. Ree2 Ra7 43. f4 Rd7 44. Be5 g5 45.
Rf2 g4 46. Rfc2 Nd5 47. cxd5 Bxa5 48. d6 Ke6 49. Rab2 Bb4 50. Rxb4 cxb4 51. Rxc8 Rb7 52. Re8+ Kd5 53. Re7 Rb8 54. d7 1-0

[Event "European Rapid Championship 2021"]
[Site "Katowice"]
[Date "2021.12.19"]
[Round "9.20"]
[White "Niedbala, Bartlomiej"]
[Black "Gretarsson, Helgi Ass"]
[Result "1-0"]
[ECO "A04"]
[WhiteElo "2131"]
[BlackElo "2476"]
[Annotator "ChessBase"]
[PlyCount "83"]
[EventDate "2021.12.18"]
[EventType "swiss"]
[EventCountry "POL"]
[SourceTitle "playchess.com"]
[Source "ChessBase"]
[SourceQuality "1"]
[TimeControl "900+10"]

1. Nf3 g6 2. g3 d5 3. Bg2 Bg7 4. O-O c5 5. d4 cxd4 6. Nxd4 e5 7. Nb3 Ne7 8. c4 d4 9. e3 Nbc6 10. exd4 exd4 11. Bf4 O-O 12. N1d2 d3 13. Rb1 Nf5 14. Ne4 Be6 15. Nbc5 Bxc4 16. b3 Ba6 17. Nxa6 bxa6 18. Nc5 Rc8 19. Qxd3 Qxd3 20. Nxd3 Ncd4 21. Rfe1 a5 22. Rbc1 Rxc1 23.
Bxc1 Rd8 24. Nb2 Rc8 25. Nd3 Nc2 26. Rd1 Nfd4 27. Kf1 Nb5 28.
Bd2 Bc3 29. Bf4 Bd4 30. Rc1 Rc3 31. Bd2 Rxd3 32. Rxc2 Bc3 33. Ke2 Rxd2+ 34. Rxd2 Bxd2 35. Kxd2 Kf8 36. Kd3 Ke7 37. Kc4 Na3+ 38. Kc5 Nb1 39. a4 Nc3 40. Bf3 Kd7 41. Kc4 Nb1 42. Kd3 1-0

[Event "European Rapid Championship 2021"]
[Site "Katowice"]
[Date "2021.12.19"]
[Round "9.20"]
[White "Jonsson, Gauti Pall"]
[Black "Spalir, Jernej"]
[Result "1/2-1/2"]
[ECO "A07"]
[WhiteElo "2014"]
[BlackElo "2340"]
[Annotator "NA"]
[PlyCount "101"]
[EventDate "2021.12.18"]
[EventType "swiss"]
[EventCountry "POL"]
[SourceTitle "playchess.com"]
[Source "ChessBase"]
[SourceQuality "1"]
[TimeControl "900+10"]

1. Nf3 d5 2. g3 Nf6 3. Bg2 c6 4. O-O Bg4 5. h3 Bh5 6. d3 Nbd7 7. Qe1 e5 8. e4 dxe4 9. dxe4 Bc5 10. Be3 Bxf3 11. Bxf3 O-O 12. Nc3 Bb4 13. a3 Ba5 14. Rd1 Qe7 15. Bg2 h6 16. f4 exf4 17. gxf4 Rad8 18. e5 Ne8 19. b4 Bb6 20. Ne4 f6 21. Bxb6 axb6 22. Nd6 fxe5 23. Nxb7 Rc8 24. fxe5 Rxf1+ 25. Qxf1 Nxe5 26. Qf5 Rc7 27. Nd8 Rd7 28. Rxd7 Nxd7 29. Nxc6 Qe3+ 30. Kh2 Nef6 31. a4 Nf8 32. a5 bxa5 33. bxa5 Ne6 34. a6 Nd4 35. Qe5 Nf3+ 36. Bxf3 Qxf3 37. Ne7+ Kf7 38. Nf5 Qf2+ 39. Kh1 Qf1+ 40. Kh2 Qxa6 41. Qe7+ Kg6 42. Nh4+ Kh7 43. Nf5 Nh5 44. Qe4 Nf6 45. Qd3 Qb6 46. Nh4+ Kh8 47. Ng6+ Kh7 48. Ne7+ Kh8 49. Ng6+ Kh7 50. Ne7+ Kh8 51. Ng6+
1/2-1/2

[Event "European Rapid Championship 2021"]
[Site "Katowice"]
[Date "2021.12.19"]
[Round "9.21"]
[White "Wieczorek, Oskar"]
[Black "Koziorowicz, Michal"]
[Result "0-1"]
[ECO "A22"]
[WhiteElo "2367"]
[BlackElo "2041"]
[Annotator "NA"]
[PlyCount "54"]
[EventDate "2021.12.18"]
[EventType "swiss"]
[EventCountry "POL"]
[SourceTitle "playchess.com"]
[Source "ChessBase"]
[SourceQuality "1"]
[TimeControl "900+10"]

1. c4 e5 2. Nc3 Nf6 3. Nf3 d6 4. d4 exd4 5. Nxd4 g6 6. g3 Bg7 7. Bg2 O-O 8. O-O Nbd7 9. b3 a5 10. Qc2 Nc5 11. Rd1 Bd7 12. Rb1 Re8 13.
a3 Qc8 14. Bb2 h5 15. Nd5 Ng4 16. Rbc1 Rb8 17. Nb5 Bf5 18. e4 Nxe4 19. Bxg7 Nxg3 20. Qb2 Ne2+ 21. Kf1 Nxh2+ 22. Ke1 Nf4+ 23. Ne3 Nxg2+ 24. Kd2 Nf3+ 25. Ke2 Nxe3 26. fxe3 Bg4 27. Kf2 Qf5 0-1

[Event "European Rapid Championship 2021"]
[Site "Katowice"]
[Date "2021.12.19"]
[Round "9.21"]
[White "Kanicki, Krzysztof"]
[Black "Jagodzinski, Piotr"]
[Result "1-0"]
[ECO "B10"]
[WhiteElo "2004"]
[BlackElo "2145"]
[Annotator "NA"]
[PlyCount "173"]
[EventDate "2021.12.18"]
[EventType "swiss"]
[EventCountry "POL"]
[SourceTitle "playchess.com"]
[Source "ChessBase"]
[SourceQuality "1"]
[TimeControl "900+10"]

1. e4 c6 2. Nf3 d5 3. d3 Bg4 4. h3 Bxf3 5. Qxf3 d4 6. g3 e5 7. Bg2 Qa5+ 8.
Nd2 Nd7 9. O-O Ngf6 10. Qe2 Qc5 11. Nb3 Qb6 12. f4 Be7 13.
f5 h5 14. Kh1 a5 15. c3 c5 16. Nd2 a4 17. cxd4 cxd4 18. Nc4 Qa6 19. Bd2 b5 20. Na3 Nb6 21. Rac1 Kd7 22. Rc2 Rhc8 23. Rfc1 Rxc2 24. Rxc2 Rc8 25. Rxc8 Qxc8 26. Ba5 Qc1+ 27. Kh2 Bxa3 28. bxa3 Kc6 29. Bb4 h4 30. gxh4 Nbd7 31. Qd2 Qb1 32. Bf3 Nc5 33. Be2 Nfd7 34. Kg2 f6 35. h5 Na6 36. Be7 Qa1 37. Qc2+ Nac5 38. Bf1 Qe1 39. Be2 Qh4 40. Qd2 Kb6 41. Bd8+ Kb7 42. Qa5 Qg5+ 43. Bg4 Qe3 44. Qxb5+ Kc8 45. Ba5 Qxd3 46. Qc6+ Kb8 47. Bc7+ Kc8 48. Bxe5+ Kd8 49. Bc7+ Ke8 50. Qa8+ Ke7 51. Bd8+ Kf7 52. Bf3 Qd2+ 53. Kh1 Qc1+ 54. Kg2 Qd2+ 55. Kh1 Qc1+ 56. Kg2 Qb2+ 57. Kg3 d3 58. Qd5+ Ke8 59. Ba5 Qb8+ 60. Kg2 Qf4 61. Bb4 Qg5+ 62. Kf2 Qc1 63. h6 gxh6 64. Bh5+ Kd8 65. Ba5+ Kc8 66. Qc6+ Kb8 67. Qc7+ Ka8 68. Qc6+ Kb8 69. Bc7+ Ka7 70. Bd6 Qb2+ 71. Kg3 Qd4 72. Qc7+ Nb7 73. Qxd7 Qxd6+ 74. Qxd6 Nxd6 75. Kf4 Nc4 76. Bd1 Kb6 77. Bxa4 Kc5 78. Bd1 Kd4 79. a4 Kc3 80. a5 Nxa5 81. e5 fxe5+ 82. Kxe5 Nc4+ 83. Ke6 Ne3 84. Bh5 Ng2 85. Ke5 d2 86. f6 Kd3 87. f7 1-0

[Event "European Rapid Championship 2021"]
[Site "Katowice"]
[Date "2021.12.19"]
[Round "9.22"]
[White "Skawinski, Arkadiusz"]
[Black "Snihur, Piotr"]
[Result "1-0"]
[ECO "B10"]
[WhiteElo "2367"]
[BlackElo "2006"]
[Annotator "NA"]
[PlyCount "70"]
[EventDate "2021.12.18"]
[EventType "swiss"]
[EventCountry "POL"]
[SourceTitle "playchess.com"]
[Source "ChessBase"]
[SourceQuality "1"]
[TimeControl "900+10"]

1. e4 c6 2. Nf3 d5 3. Nc3 dxe4 4. Nxe4 Nf6 5. Qe2 Bf5 6. Nxf6+ gxf6 7. d3 Nd7 8. g3 Qc7 9. Bg2 O-O-O 10. Bd2 e5 11. O-O h5 12. Nh4 Bg4 13.
Qe1 Bd6 14. b4 Nf8 15. a4 Ng6 16. Nxg6 fxg6 17. b5 Bd7 18. a5 Bc5 19. Be3 cxb5 20. a6 Bc6 21. axb7+ Bxb7 22. Bxb7+ Kxb7 23. Bxc5 Qxc5 24. Qe4+ Kb8 25. Rfb1 f5 26. Qa4 Ka8 27. Rxb5 Qc7 28. Rxe5 Rh7 29. Qf4 Qc6 30. h4 Rb7 31. Qd2 Rdb8 32. Ree1 Qc5 33. Qe2 Rc8 34. c4 Rd8 35. Qf3 Rd6 1-0

[Event "European Rapid Championship 2021"]
[Site "Katowice"]
[Date "2021.12.19"]
[Round "9.22"]
[White "Kowalczyk, Mariusz"]
[Black "Teclaf, Pawel"]
[Result "1/2-1/2"]
[ECO "A05"]
[WhiteElo "2047"]
[BlackElo "2345"]
[Annotator "NA"]
[PlyCount "82"]
[EventDate "2021.12.18"]
[EventType "swiss"]
[EventCountry "POL"]
[SourceTitle "playchess.com"]
[Source "ChessBase"]
[SourceQuality "1"]
[TimeControl "900+10"]

1. Nf3 Nf6 2. c4 b6 3. g3 Bb7 4. Bg2 g6 5. O-O Bg7 6. Nc3 O-O 7. d4 Ne4 8. Qd3 Nxc3 9. Qxc3 c5 10. Be3 d6 11. Rfd1 Be4 12. Qd2 Nd7 13.
Bh6 Nf6 14. Rac1 Qc7 15. Bxg7 Kxg7 16. Qf4 Qb7 17. Ne1 cxd4 18. Bxe4 Nxe4 19. Rxd4 Nf6 20. Qd2 Rac8 21. Rd1 Rc7 22. Rh4 h5 23. Ng2 Rfc8 24. Ne3 Rc5 25. a4 Qd7 26. b3 Qe6 27. Rd4 Rh8 28. h4 Re5 29. Qb2 Rc8 30. Kg2 Kg8 31. Re1 Rcc5 32. b4 Rc8 33. Qb3 Re4 34. Qd3 Rxd4 35. Qxd4 Qd7 36. Ra1 Qc6+ 37. f3 a5 38. Qc3 d5 39. bxa5 bxa5 40. Qxa5 dxc4 41. Qc3 Qe6 1/2-1/2

[Event "European Rapid Championship 2021"]
[Site "Katowice"]
[Date "2021.12.19"]
[Round "9.23"]
[White "Papasimakopoulos, Alexandros"]
[Black "Lukasiewicz, Krzysztof"]
[Result "1-0"]
[ECO "E32"]
[WhiteElo "2274"]
[BlackElo "2251"]
[Annotator "NA"]
[PlyCount "67"]
[EventDate "2021.12.18"]
[EventType "swiss"]
[EventCountry "POL"]
[SourceTitle "playchess.com"]
[Source "ChessBase"]
[SourceQuality "1"]
[TimeControl "900+10"]

1. d4 Nf6 2. c4 e6 3. Nc3 Bb4 4. Qc2 O-O 5. a3 Bxc3+ 6. Qxc3 d6 7. f3 c5 8. dxc5 dxc5 9. Bf4 Re8 10. Rd1 Qb6 11. e3 Nc6 12. Bg5 Nd7 13.
Nh3 f6 14. Bh4 e5 15. Bd3 Nf8 16. Nf2 Be6 17. O-O Rad8 18. Ne4 Rd7 19. Bxf6 gxf6 20. Nxf6+ Kf7 21. Nxd7 Bxd7 22. Bxh7 Ke7 23.
Be4 Kd8 24. Rd6 Kc8 25. b4 cxb4 26. axb4 Qc7 27. c5 Re6 28. Rfd1 Rxd6 29. Rxd6 Nd8 30. Bd5 a5 31. bxa5 Nfe6 32. a6 b5 33. a7 Qxa7 34. c6 1-0

[Event "European Rapid Championship 2021"]
[Site "Katowice"]
[Date "2021.12.19"]
[Round "9.23"]
[White "Kuegel, Tobias"]
[Black "Lis, Mateusz"]
[Result "1/2-1/2"]
[ECO "B20"]
[WhiteElo "2242"]
[BlackElo "1983"]
[Annotator "NA"]
[PlyCount "89"]
[EventDate "2021.12.18"]
[EventType "swiss"]
[EventCountry "POL"]
[SourceTitle "playchess.com"]
[Source "ChessBase"]
[SourceQuality "1"]
[TimeControl "900+10"]

1. e4 c5 2. c4 Nc6 3. Ne2 d6 4. d4 cxd4 5. Nxd4 e6 6. Nc3 a6 7. Be2 Nf6 8. O-O Be7 9. Be3 Bd7 10. Qd2 Rc8 11. Nxc6 Bxc6 12. f3 O-O 13. Rfd1 Qc7 14. Rac1 Qb8 15. b4 b5 16. cxb5 axb5 17. a4 bxa4 18. b5 Ba8 19. Nxa4 d5 20.
Rxc8 Rxc8 21. Nb6 Rd8 22. Nxa8 dxe4 23. Qa2 Qxa8 24. Qxa8 Rxa8 25. fxe4 e5 26. b6 Rb8 27. Bf3 Kf8 28. g4 h6 29. h4 Ne8 30. g5 hxg5 31. hxg5 Nd6 32. Rb1 Nc4 33. Kf2 Nxe3 34. Kxe3 Bc5+ 35. Ke2 Rxb6 36. Rxb6 Bxb6 37. Bg4 Bd8 38. g6 fxg6 39. Kf3 Ke7 40.
Bh3 Kd6 41. Kg4 Kc5 42. Bg2 Kd4 43. Bh1 Ke3 44. Bg2 Bf6 45.
Bh1 1/2-1/2